| TOP OF THE 1ST |
|
Evansville Triplets batting - Pitching for Tulsa Drillers : RHP Luis Garcia
|
|
Pitching: RHP Luis Garcia
|
|
|
Batting: LHB Greg Gross
|
0-0: Ball 1-0: Called Strike 1-1: Ball 2-1: Foul Ball, location: 2F 2-2: Foul Ball, location: 2F 2-2: Fly out, F9 (Line Drive, 9, EV 88.8 MPH)
|
|
Batting: RHB Cory Mihalic
|
0-0: Ball 1-0: Ball 2-0: Called Strike 2-1: Ball 3-1: Called Strike 3-2: SINGLE (Flyball, 4MD, EV 84.4 MPH)
|
|
Batting: RHB Richard Bass
|
0-0: Ball 1-0: Foul Ball, location: 2F 1-1: Swinging Strike 1-2: Ball 2-2: Ball 3-2: Fly out, F9 (Line Drive, 9D, EV 100.6 MPH)
|
|
Batting: RHB Ron Kittle
|
0-0: Called Strike 0-1: Foul Ball, location: 2F 0-2: Strikes out swinging
|
| Top of the 1st over - 0 runs, 1 hit, 0 errors, 1 left on base; Evansville 0 - Tulsa 0 |
| BOTTOM OF THE 1ST |
|
Tulsa Drillers batting - Pitching for Evansville Triplets : RHP Randy Pitts
|
|
Pitching: RHP Randy Pitts
|
|
|
Batting: SHB Paul Householder
|
0-0: Ball 1-0: Ball 2-0: Foul Ball, location: 2F 2-1: Foul Ball, location: 2F 2-2: Foul Ball, location: 2F 2-2: DOUBLE (Flyball, 89D, EV 103.1 MPH)
|
|
Batting: RHB Victor Rios
|
0-0: Ground out 1-3 (Groundball, 13, EV 70.0 MPH) Paul Householder to third
|
|
Batting: LHB Mike Pagliarulo
|
0-0: Ball 1-0: Ball 2-0: Ball 3-0: Called Strike 3-1: Foul Ball, location: 2F 3-2: 2-RUN HOME RUN (Flyball, 7LD, EV 90.6 MPH), Distance : 363 ft
|
|
Batting: LHB Jim Adduci
|
0-0: Called Strike 0-1: Ball 1-1: Fly out, F7 (Flyball, 7, EV 91.9 MPH)
|
|
Batting: SHB Luis Quinones
|
0-0: Ball 1-0: Foul Ball, location: 2F 1-1: Ball 2-1: TRIPLE (Flyball, 78XD, EV 98.1 MPH)
|
|
Batting: LHB Randy Braun
|
0-0: Ball 1-0: Foul Ball, location: 2F 1-1: Ball 2-1: Ground out U3 (Groundball, 3, EV 91.9 MPH)
|
| Bottom of the 1st over - 2 runs, 3 hits, 0 errors, 1 left on base; Evansville 0 - Tulsa 2 |
| TOP OF THE 2ND |
|
Evansville Triplets batting - Pitching for Tulsa Drillers : RHP Luis Garcia
|
|
Batting: SHB Mickey Tettleton
|
0-0: Ball 1-0: Ball 2-0: Ball 3-0: Called Strike 3-1: Swinging Strike 3-2: Base on Balls
|
|
Batting: RHB Mike Allen
|
0-0: Called Strike Mickey Tettleton steals 2nd base 0-1: Ball 1-1: Swinging Strike 1-2: Foul Ball, location: 2F 1-2: Ball 2-2: Ball 3-2: Foul Ball, location: 2F 3-2: Strikes out swinging
|
|
Batting: LHB Luis Alfaro
|
0-0: Called Strike 0-1: Swinging Strike 0-2: Fly out, F1 (Line Drive, P, EV 66.3 MPH)
|
|
Batting: RHB Jaden Smith
|
0-0: Foul Ball, location: 2F 0-1: Foul Ball, location: 2F 0-2: Ball 1-2: Ball 2-2: Foul Ball, location: 2F 2-2: Ball 3-2: SINGLE (Groundball, 56D, EV 102.5 MPH) Mickey Tettleton to third Mickey Tettleton scores
|
|
Batting: RHB Ed Jurak
|
0-0: Foul Ball, location: 2F 0-1: Ball 1-1: Ball 2-1: Foul Ball, location: 2F 2-2: Foul Ball, location: 2F 2-2: Fielders Choice at 2nd, U4 (Groundball, 4M, EV 99.4 MPH)
|
| Top of the 2nd over - 1 run, 1 hit, 0 errors, 1 left on base; Evansville 1 - Tulsa 2 |
| BOTTOM OF THE 2ND |
|
Tulsa Drillers batting - Pitching for Evansville Triplets : RHP Randy Pitts
|
|
Batting: RHB Bob E Johnson
|
0-0: Called Strike 0-1: Ball 1-1: Ball 2-1: Swinging Strike 2-2: Foul Ball, location: 2F 2-2: Fly out, F4 (Popup, 4MD, EV 65.6 MPH)
|
|
Batting: RHB Nick Belmonte
|
0-0: Ball 1-0: Ground out 5-3 (Groundball, 56S, EV 83.8 MPH)
|
|
Batting: RHB Onix Concepcion
|
0-0: Called Strike 0-1: Ball 1-1: Swinging Strike 1-2: Foul Ball, location: 2F 1-2: Ball 2-2: Foul Ball, location: 2F 2-2: Ball 3-2: Strikes out swinging
|
| Bottom of the 2nd over - 0 runs, 0 hits, 0 errors, 0 left on base; Evansville 1 - Tulsa 2 |
| TOP OF THE 3RD |
|
Evansville Triplets batting - Pitching for Tulsa Drillers : RHP Luis Garcia
|
|
Batting: LHB Greg Gross
|
0-0: Ball 1-0: Ball 2-0: Fly out, F8 (Line Drive, 8RD, EV 101.3 MPH)
|
|
Batting: RHB Cory Mihalic
|
0-0: Called Strike 0-1: Foul Ball, location: 2F 0-2: Ball 1-2: Ball 2-2: Fly out, F6 (Popup, 56D, EV 65.0 MPH)
|
|
Batting: RHB Richard Bass
|
0-0: Called Strike 0-1: Called Strike 0-2: Ball 1-2: Ball 2-2: Strikes out looking
|
| Top of the 3rd over - 0 runs, 0 hits, 0 errors, 0 left on base; Evansville 1 - Tulsa 2 |
| BOTTOM OF THE 3RD |
|
Tulsa Drillers batting - Pitching for Evansville Triplets : RHP Randy Pitts
|
|
Batting: SHB Paul Householder
|
0-0: Called Strike 0-1: Ball 1-1: Foul Ball, location: 2F 1-2: SINGLE (Groundball, 4MD, EV 96.9 MPH)
|
|
Batting: RHB Victor Rios
|
0-0: Ball 1-0: Ball 2-0: Grounds into double play, 5-4-3 (Groundball, 56S, EV 85.6 MPH)
|
|
Batting: LHB Mike Pagliarulo
|
0-0: Ball 1-0: Ground out 4-3 (Groundball, 4, EV 101.3 MPH)
|
| Bottom of the 3rd over - 0 runs, 1 hit, 0 errors, 0 left on base; Evansville 1 - Tulsa 2 |
| TOP OF THE 4TH |
|
Evansville Triplets batting - Pitching for Tulsa Drillers : RHP Luis Garcia
|
|
Batting: RHB Ron Kittle
|
0-0: Called Strike 0-1: Called Strike 0-2: Strikes out looking
|
|
Batting: SHB Mickey Tettleton
|
0-0: Ball 1-0: Ball 2-0: Ball 3-0: Base on Balls
|
|
Batting: RHB Mike Allen
|
0-0: Ball 1-0: Swinging Strike Mickey Tettleton is caught stealing 2nd base 2-4 1-1: Ball 2-1: Ground out 4-3 (Groundball, 4S, EV 65.0 MPH)
|
| Top of the 4th over - 0 runs, 0 hits, 0 errors, 0 left on base; Evansville 1 - Tulsa 2 |
| BOTTOM OF THE 4TH |
|
Tulsa Drillers batting - Pitching for Evansville Triplets : RHP Randy Pitts
|
|
Batting: LHB Jim Adduci
|
0-0: Fly out, F8 (Flyball, 8RM, EV 81.9 MPH)
|
|
Batting: SHB Luis Quinones
|
0-0: Called Strike 0-1: Ball 1-1: Ground out 3-1 (Groundball, 13, EV 84.4 MPH)
|
|
Batting: LHB Randy Braun
|
0-0: Foul Ball, location: 2F 0-1: SOLO HOME RUN (Flyball, 89XD, EV 95.6 MPH), Distance : 383 ft
|
|
Batting: RHB Bob E Johnson
|
0-0: Foul Ball, location: 2F 0-1: Foul Ball, location: 2F 0-2: Foul Ball, location: 2F 0-2: Foul Ball, location: 2F 0-2: Ground out 6-3 (Groundball, 6, EV 83.1 MPH)
|
| Bottom of the 4th over - 1 run, 1 hit, 0 errors, 0 left on base; Evansville 1 - Tulsa 3 |
| TOP OF THE 5TH |
|
Evansville Triplets batting - Pitching for Tulsa Drillers : RHP Luis Garcia
|
|
Batting: LHB Luis Alfaro
|
0-0: Ground out U3 (Groundball, 3, EV 85.0 MPH)
|
|
Batting: RHB Jaden Smith
|
0-0: Ball 1-0: Called Strike 1-1: Ball 2-1: Ball 3-1: Called Strike 3-2: Foul Ball, location: 2F 3-2: Foul Ball, location: 2F 3-2: Fly out, F8 (Flyball, 8RD, EV 99.4 MPH)
|
|
Batting: RHB Ed Jurak
|
0-0: Foul Ball, location: 2F 0-1: SINGLE (Groundball, 13S, EV 66.3 MPH) (infield hit)
|
|
Batting: LHB Greg Gross
|
0-0: Ball Ed Jurak steals 2nd base (no throw) 1-0: Called Strike 1-1: Ball 2-1: Swinging Strike 2-2: Foul Ball, location: 2F 2-2: Foul Ball, location: 2F 2-2: Ball 3-2: Fly out, F4 (Popup, 4MD, EV 53.8 MPH)
|
| Top of the 5th over - 0 runs, 1 hit, 0 errors, 1 left on base; Evansville 1 - Tulsa 3 |
| BOTTOM OF THE 5TH |
|
Tulsa Drillers batting - Pitching for Evansville Triplets : RHP Randy Pitts
|
|
Batting: RHB Nick Belmonte
|
0-0: Called Strike 0-1: Ball 1-1: Foul Ball, location: 2F 1-2: Strikes out looking
|
|
Batting: RHB Onix Concepcion
|
0-0: Called Strike 0-1: Swinging Strike 0-2: Ball 1-2: Ball 2-2: Fly out, F8 (Flyball, 8RS, EV 80.6 MPH)
|
|
Batting: SHB Paul Householder
|
0-0: Called Strike 0-1: Foul Ball, location: 2F 0-2: Ball 1-2: Foul Ball, location: 2F 1-2: Foul Ball, location: 2F 1-2: SINGLE (Groundball, 34D, EV 105.6 MPH)
|
|
Batting: RHB Victor Rios
|
0-0: Ball 1-0: Foul Ball, location: 2F 1-1: Fly out, F6 (Popup, 6M, EV 58.8 MPH)
|
| Bottom of the 5th over - 0 runs, 1 hit, 0 errors, 1 left on base; Evansville 1 - Tulsa 3 |
| TOP OF THE 6TH |
|
Evansville Triplets batting - Pitching for Tulsa Drillers : RHP Luis Garcia
|
|
Batting: RHB Cory Mihalic
|
0-0: Foul Ball, location: 2F 0-1: Called Strike 0-2: Foul Ball, location: 2F 0-2: Strikes out swinging
|
|
Batting: RHB Richard Bass
|
0-0: Called Strike 0-1: Ball 1-1: Swinging Strike 1-2: SINGLE (Groundball, P, EV 85.6 MPH) (infield hit)
|
|
Batting: RHB Ron Kittle
|
0-0: Ball 1-0: Ball 2-0: Ball 3-0: Called Strike 3-1: Swinging Strike 3-2: Strikes out looking
|
|
Batting: SHB Mickey Tettleton
|
0-0: Called Strike Richard Bass steals 2nd base 0-1: Foul Ball, location: 2F 0-2: SINGLE (Flyball, 8LS, EV 90.6 MPH) Richard Bass to third Runner from 3rd tries for Home, SAFE, throw by CF to home
|
|
Batting: RHB Mike Allen
|
0-0: Swinging Strike 0-1: Foul Ball, location: 2F 0-2: Ball 1-2: Ball 2-2: Ground out 4-3 (Groundball, 4, EV 78.8 MPH)
|
| Top of the 6th over - 1 run, 2 hits, 0 errors, 1 left on base; Evansville 2 - Tulsa 3 |
| BOTTOM OF THE 6TH |
|
Tulsa Drillers batting - Pitching for Evansville Triplets : RHP Randy Pitts
|
|
Batting: LHB Mike Pagliarulo
|
0-0: Swinging Strike 0-1: Called Strike 0-2: Ball 1-2: Foul Ball, location: 2F 1-2: Ball 2-2: Foul Ball, location: 2F 2-2: Strikes out swinging
|
|
Batting: LHB Jim Adduci
|
0-0: Called Strike 0-1: Fly out, F6 (Line Drive, 6, EV 68.1 MPH)
|
|
Batting: SHB Luis Quinones
|
0-0: Ball 1-0: Foul Ball, location: 2F 1-1: Fly out, F7 (Flyball, 7LS, EV 90.6 MPH)
|
| Bottom of the 6th over - 0 runs, 0 hits, 0 errors, 0 left on base; Evansville 2 - Tulsa 3 |
| TOP OF THE 7TH |
|
Evansville Triplets batting - Pitching for Tulsa Drillers : RHP Luis Garcia
|
|
Batting: LHB Luis Alfaro
|
0-0: Ball 1-0: Ball 2-0: Ball 3-0: Called Strike 3-1: Base on Balls
|
|
Batting: RHB Jaden Smith
|
0-0: Swinging Strike 0-1: Ball 1-1: Swinging Strike 1-2: Ball 2-2: Ball 3-2: Strikes out swinging Luis Alfaro is caught stealing 2nd base 2-4 Batter strikes out.
|
|
Batting: RHB Ed Jurak
|
0-0: Ball 1-0: Called Strike 1-1: Swinging Strike 1-2: Strikes out swinging
|
| Top of the 7th over - 0 runs, 0 hits, 0 errors, 0 left on base; Evansville 2 - Tulsa 3 |
| BOTTOM OF THE 7TH |
|
Tulsa Drillers batting - Pitching for Evansville Triplets : RHP Randy Pitts
|
|
Batting: LHB Randy Braun
|
0-0: Swinging Strike 0-1: Ball 1-1: Foul Ball, location: 2F 1-2: Fly out, F3 (Flyball, 3D, EV 88.1 MPH)
|
|
Batting: RHB Bob E Johnson
|
0-0: Called Strike 0-1: Foul Ball, location: 2F 0-2: Ground out 1-3 (Groundball, 34S, EV 72.5 MPH)
|
|
Batting: RHB Nick Belmonte
|
0-0: Called Strike 0-1: SINGLE (Groundball, 4MS, EV 66.3 MPH) (infield hit)
|
|
Batting: RHB Onix Concepcion
|
0-0: Called Strike 0-1: Called Strike 0-2: Foul Ball, location: 2F 0-2: Foul Ball, location: 2F 0-2: Ball 1-2: Fly out, F7 (Line Drive, 7, EV 91.9 MPH)
|
| Bottom of the 7th over - 0 runs, 1 hit, 0 errors, 1 left on base; Evansville 2 - Tulsa 3 |
| TOP OF THE 8TH |
|
Evansville Triplets batting - Pitching for Tulsa Drillers : RHP Luis Garcia
|
|
Batting: LHB Greg Gross
|
0-0: Called Strike 0-1: Ground out 5-3 (Groundball, 5, EV 96.9 MPH)
|
|
Batting: RHB Cory Mihalic
|
0-0: Called Strike 0-1: Foul Ball, location: 2F 0-2: Ball 1-2: Ball 2-2: Ball 3-2: Strikes out swinging
|
|
Batting: RHB Richard Bass
|
0-0: Ball 1-0: Ball 2-0: Ball 3-0: Called Strike 3-1: Swinging Strike 3-2: Base on Balls
|
|
Batting: RHB Ron Kittle
|
0-0: Ball 1-0: Called Strike 1-1: Foul Ball, location: 2F 1-2: Ball 2-2: Ball 3-2: Strikes out swinging
|
| Top of the 8th over - 0 runs, 0 hits, 0 errors, 1 left on base; Evansville 2 - Tulsa 3 |
| BOTTOM OF THE 8TH |
|
Tulsa Drillers batting - Pitching for Evansville Triplets : RHP Randy Pitts
|
|
Pitching: RHP Gordie Pladson
|
|
|
Batting: SHB Paul Householder
|
0-0: Swinging Strike 0-1: Ball 1-1: Ball 2-1: Ground out U3 (Groundball, 13, EV 88.1 MPH)
|
|
Batting: RHB Victor Rios
|
0-0: SINGLE (Line Drive, 34D, EV 95.0 MPH)
|
|
Batting: LHB Mike Pagliarulo
|
0-0: Ball 1-0: Ball 2-0: Ball 3-0: Called Strike 3-1: Ground out 4-3 (Groundball, 34, EV 89.4 MPH) Victor Rios to second
|
|
Batting: LHB Jim Adduci
|
0-0: Ball 1-0: Foul Ball, location: 2F 1-1: Ball 2-1: Called Strike 2-2: Fly out, F9 (Flyball, 8RD, EV 96.9 MPH)
|
| Bottom of the 8th over - 0 runs, 1 hit, 0 errors, 1 left on base; Evansville 2 - Tulsa 3 |
| TOP OF THE 9TH |
|
Evansville Triplets batting - Pitching for Tulsa Drillers : RHP Luis Garcia
|
|
Pitching: RHP Bert Roberge
|
|
|
Batting: SHB Mickey Tettleton
|
0-0: Ball 1-0: Foul Ball, location: 2F 1-1: Fly out, F7 (Flyball, 78XD, EV 95.6 MPH)
|
|
Pinch Hitting: RHB Ed Putman
|
0-0: Swinging Strike 0-1: SINGLE (Line Drive, 9S, EV 105.6 MPH)
|
|
Batting: LHB Luis Alfaro
|
0-0: Ball 1-0: Swinging Strike 1-1: Ball 2-1: Foul Ball, location: 2F 2-2: Ball 3-2: Base on Balls Ed Putman to second
|
|
Pinch Runner at 2nd Bobby Thompson:
|
|
|
Batting: RHB Jaden Smith
|
0-0: Fly out, F7 (Flyball, 78S, EV 86.3 MPH)
|
|
Batting: RHB Ed Jurak
|
0-0: Ball 1-0: Ground out 4-3 (Groundball, 4, EV 78.8 MPH)
|
| Top of the 9th over - 0 runs, 1 hit, 0 errors, 2 left on base; Evansville 2 - Tulsa 3 |
|